 Dungeon Crawl Stone Soup version 0.29-a0-521-g59ce8b2d47 (webtiles) character file.

Game seed: 2304419244332354870

14798 Morbidden the Grappler (level 11, -1/101 HPs)
             Began as a Troll Earth Elementalist on June 1, 2022.
             Was a High Priest of Cheibriados.
             Succumbed to a gnoll sergeant's poison
             ... on level 11 of the Dungeon.
             The game lasted 00:28:29 (17314 turns).

Morbidden the Grappler (Troll Earth Elementalist)  Turns: 17314, Time: 00:28:30

Health: -1/101     AC:  6    Str: 30    XL:     11   Next: 93%
Magic:  0/17       EV: 13    Int: 33    God:    Cheibriados [*****.]
Gold:   1160       SH:  0    Dex: 22    Spells: 10/20 levels left

rFire   + + .      SeeInvis .     - Unarmed
rCold   + . .      Faith    .   (no shield)
rNeg    . . .      Spirit   +   q - +2 robe {rC+ rF+}
rPois   .          Reflect  .   (helmet restricted)
rElec   .          Harm     .   (no cloak)
rCorr   .          Rampage  .   (gloves unavailable)
Will    .....                   (boots unavailable)
Stlth   ++........              B - amulet of guardian spirit
HPRegen 1.06/turn               t - ring of protection from fire
MPRegen 0.15/turn               D - +6 ring of intelligence

@: lethally poisoned (-1 -> -22), wereblooded, invisible, very slow
A: large, unfitting armour, claws 3, regeneration 1, shaggy fur 1, tough skin 1
a: Renounce Religion, Bend Time, Temporal Distortion, Slouch, Step From Time


You were on level 11 of the Dungeon.
You worshipped Cheibriados.
Cheibriados was extremely pleased with you.
You visited 2 branches of the dungeon, and saw 12 of its levels.
You also visited: Sewer.

You collected 1160 gold pieces.

Inventory:

Missiles
 a - 144 stones
 d - 3 curare-tipped darts
 n - 6 boomerangs
 s - 4 javelins (quivered)
 F - 2 throwing nets
 L - 4 large rocks
Armour
 q - a +2 robe of resistance (worn)
Jewellery
 t - a ring of protection from fire (left claw)
 v - a ring of resist corrosion
 B - an amulet of guardian spirit (around neck)
 D - a +6 ring of intelligence (right claw)
 K - a ring of ice
Wands
 u - a wand of iceblast (4)
 x - a wand of flame (19)
 y - a wand of acid (9)
 E - a wand of digging (7)
 G - a wand of charming (7)
Scrolls
 b - 3 scrolls of amnesia
 g - 4 scrolls of teleportation
 j - 3 scrolls of magic mapping
 l - a scroll of noise
 m - 15 scrolls of identify
 C - a scroll of poison
 H - a scroll of enchant weapon {unknown}
 M - a scroll of summoning
Potions
 c - 2 potions of magic
 e - 4 potions of curing
 f - a potion of invisibility
 h - a potion of heal wounds
 i - 3 potions of mutation {unknown}
 k - 4 potions of attraction {unknown}
 o - 5 potions of haste
 p - 3 potions of brilliance
 r - 2 potions of flight {unknown}
 w - a potion of ambrosia {unknown}
 z - 2 potions of might {unknown}
 A - 2 potions of resistance
 I - a potion of degeneration {unknown}
Miscellaneous
 J - a box of beasts


   Skills:
 * Level 4.9 Fighting
 + Level 2.7 Throwing
 * Level 5.1 Dodging
 + Level 1.9 Stealth
 * Level 8.8 Unarmed Combat
 * Level 5.1 Spellcasting
 * Level 3.1 Conjurations
 * Level 4.4 Transmutations
 * Level 3.5 Air Magic
 * Level 6.9 Earth Magic
 * Level 4.0 Invocations
 + Level 0.2 Evocations


You had 10 spell levels left.
You knew the following spells:

 Your Spells              Type           Power      Damage    Failure   Level
a - Sandblast             Erth           100%       2d20      1%          1
b - Stone Arrow           Conj/Erth      82%        3d12      1%          3
c - Airstrike             Air            15%        N/A       11%         4
z - Wereblood             Tmut           37%        N/A       1%          2

Your spell library contained the following spells:

 Spells                   Type           Power      Damage    Failure   Level
 Shock                    Conj/Air       100%       1d9       1%          1
 Passwall                 Tmut/Erth      38%        N/A       1%          2
 Swiftness                Air            31%        N/A       3%          3
 Slow                     Hex            32%        N/A       4%          1
 Petrify                  Tmut/Erth      46%        N/A       4%          4
 Sublimation of Blood     Necr           8%         N/A       7%          2
 Confusing Touch          Hex            8%         N/A       14%         3
 Vampiric Draining        Necr           8%         2d6       14%         3
 Corpse Rot               Necr/Pois/Air  16%        N/A       28%         4
 Dispel Undead            Necr           8%         3d8       43%         4
 Death Channel            Necr           4%         N/A       100%        6
 Summon Hydra             Summ           4%         N/A       100%        7


Dungeon Overview and Level Annotations

Branches:
Dungeon (11/15)            Temple (1/1) D:6             Orc (0/2) D:11
  Sewer (visited)
   Lair: D:8-11

Altars:
Ashenzari
Cheibriados
Fedhas
Gozag
Hepliaklqana
Kikubaaqudgha
Makhleb
Nemelex Xobeh
Ru
Uskayaw
Vehumet
Xom
Yredelemnul

Shops:
D:6 *

Annotations:
D:3 1 runed translucent door, Crazy Yiuf
D:8 exclusion: ice statue


Innate Abilities, Weirdness & Mutations

You are too large for most types of armour.
You have claws for hands.
Your natural rate of healing is unusually fast.
You are covered in fur. (AC +1)
You have tough skin. (AC +1)


Message History

The javelin pierces through the gnoll sergeant.
The gnoll sergeant is moderately wounded.
You feel sick.
The gnoll sergeant hits you with a +0 trident of venom!
* * * LOW HITPOINT WARNING * * *
You are more poisoned.
Throw: 6 javelins
Press: ? - help, Q - select action, (/) - cycle Shift-Dir - straight line, f/p - gnoll sergeant
Aim: a gnoll sergeant, wielding a +0 trident of venom and wearing a +0 scale mail (heavily wounded, can't see you, 73% to hit)
You throw a javelin.
The javelin pierces through the gnoll sergeant.
The gnoll sergeant is severely wounded.
The javelin pierces through the troll!!
The troll is heavily wounded.
The javelin closely misses the gnoll sergeant.
You feel very sick.
The gnoll sergeant hits you with a +0 trident of venom!
* * * LOW HITPOINT WARNING * * *
The gnoll sergeant closely misses you.
Unknown command.
Unknown command.
Throw: 5 javelins
Press: ? - help, Q - select action, (/) - cycle Shift-Dir - straight line, f/p - gnoll sergeant
Aim: a gnoll sergeant, wielding a +0 trident of venom and wearing a +0 scale mail (severely wounded, can't see you, 73% to hit)
You throw a javelin.
The javelin pierces through the gnoll sergeant!
The gnoll sergeant is almost dead.
The javelin closely misses the troll.
The javelin pierces through the gnoll sergeant but does no damage.
The gnoll sergeant is moderately wounded.
You feel very sick.
The gnoll sergeant hits you with a +0 trident of venom!
* * * LOW HITPOINT WARNING * * *
You are more poisoned.
Unknown command.
Unknown command.
You claw the gnoll sergeant!
You feel a bit better.
You kill the gnoll sergeant!
Cheibriados appreciates the change of pace.
You die...

###.####..###.#⌠#.# #......
#.......# #.###.# #......
#.......# #.....# #......
#.......# ###..## #......
#..####.# #.## #...... #..#
#.#####.###########...... #..#
#........................
###..####.#######...............#
........((...gT)@.........#.#.#.#
.........÷###g###...............#
..........#8(g #.........#.#.#.#
....####..#g.T #................
....# #..#ooo #.........#.#.#..
....# #..#..o #...............#
....####..#8.. #..........###..#
..........#######..........##..##
.....###.........................


You could see a troll (can't see you), a gnoll sergeant (can't see you) and a
gnoll (can't see you).

Vanquished Creatures
  A boulder beetle (D:11)
  Erolcha (D:10)
  A hydra (D:11)
  A centaur warrior (D:10)
  2 two-headed ogres
  An ugly thing (D:10)
  A cyclops (D:11)
  An unseen horror (D:11)
  2 trolls
  A tarantella (shapeshifter) (D:10)
  24 yaks
  A vampire (D:7)
  Grum (D:10)
  A wyvern (D:9)
  2 wraiths (D:10)
  A basilisk (D:10)
  Menkaure (D:5)
  4 water moccasins
  5 orc warriors
  An ice beast (D:6)
  2 black bears
  Duvessa (D:7)
  5 ogres
  A centaur (D:9)
  3 wolves (D:10)
  6 kobold brigands
  2 phantoms
  A necrophage (D:6)
  2 bullfrogs
  2 gnoll sergeants
  4 scorpions
  Dowan (D:7)
  4 wights
  8 killer bees (D:8)
  A vampire bat (D:6)
  6 howler monkeys
  3 jellies
  2 hounds
  2 gnoll shamans
  4 orc priests
  Ijyb (D:3)
  10 orc wizards
  3 iguanas
  14 adders
  25 gnolls
  3 river rats (Sewer)
  A white imp (D:7)
  8 ufetubi
  3 worms
  2 dart slugs
  29 orcs
  10 ball pythons
  4 bat skeletons (D:6)
  3 bat zombies (D:6)
  2 endoplasms (D:1)
  6 giant cockroaches
  8 goblins
  4 hobgoblins
  37 kobolds
  2 quokkas
  8 bats
  4 frilled lizards
  25 rats
325 creatures vanquished.

Vanquished Creatures (others)
  7 plants (D:10)
7 creatures vanquished.

Grand Total: 332 creatures vanquished

Notes
Turn   | Place    | Note
-------+----------+-------------------------------------------
     0 | D:1      | Morbidden the Troll Earth Elementalist began the quest for
                  | the Orb.
     0 | D:1      | Reached XP level 1. HP: 16/16 MP: 1/1
   171 | D:1      | Found a faded altar of an unknown god.
   238 | D:1      | Reached XP level 2. HP: 22/24 MP: 3/3
   868 | D:2      | Learned a level 2 spell: Wereblood
   955 | D:2      | Reached skill level 1 in Fighting
   958 | D:2      | Reached XP level 3. HP: 18/33 MP: 4/4
  1165 | D:2      | Reached skill level 1 in Unarmed Combat
  1692 | D:3      | Noticed Ijyb
  1763 | D:3      | Killed Ijyb
  1764 | D:3      | Reached skill level 2 in Unarmed Combat
  1764 | D:3      | Reached XP level 4. HP: 17/41 MP: 5/5
  2014 | D:3      | Reached skill level 1 in Transmutations
  2027 | D:3      | Reached XP level 5. HP: 38/48 MP: 0/6
  2316 | D:3      | Found a runed translucent door.
  2318 | D:3      | Noticed Crazy Yiuf
  2398 | D:3      | Reached skill level 3 in Unarmed Combat
  2725 | D:4      | Noticed an ogre
  2744 | D:4      | Killed an ogre
  2745 | D:4      | Reached XP level 6. HP: 37/55 MP: 3/7
  2854 | D:4      | Identified the +2 robe "Naggi" {rC+ Will+ Dex-4}
  3361 | D:5      | Entered Level 5 of the Dungeon
  3448 | D:5      | Found a glowing drain.
  3464 | D:5      | Learned a level 4 spell: Airstrike
  3477 | Sewer    | Entered a sewer
  3846 | Sewer    | Reached skill level 1 in Throwing
  3846 | Sewer    | Reached XP level 7. HP: 39/63 MP: 3/9
  4652 | D:5      | Noticed Menkaure
  4661 | D:5      | Killed Menkaure
  4740 | D:5      | Reached skill level 4 in Unarmed Combat
  4987 | D:5      | Reached XP level 8. HP: 48/74 MP: 6/11
  5106 | D:5      | Reached skill level 1 in Air Magic
  5635 | D:6      | Identified the +0 pair of gloves of the Bull {rElec Str+6}
  5662 | D:6      | Learned a level 3 spell: Stone Arrow
  5736 | D:6      | Found a staircase to the Ecumenical Temple.
  5788 | Temple   | Entered the Ecumenical Temple
  5881 | Temple   | Became a worshipper of Cheibriados the Contemplative
  5965 | D:6      | Found Jocaick's Serpentskin Sales.
  6128 | D:6      | Reached skill level 5 in Earth Magic
  6310 | D:6      | Identified the +9 chain mail "Kedoadyr" {Will+}
  6446 | D:6      | Found an ancient bone altar of Kikubaaqudgha.
  6500 | D:6      | Reached XP level 9. HP: 80/80 MP: 9/13
  6502 | D:6      | Reached skill level 1 in Invocations
  6661 | D:6      | Found a sacrificial altar of Ru.
  6748 | D:6      | Reached * piety under Cheibriados
  6916 | D:6      | Found a hazy altar of Hepliaklqana.
  7370 | D:7      | Reached skill level 5 in Unarmed Combat
  7426 | D:7      | Noticed Duvessa
  7427 | D:7      | Noticed Dowan
  7434 | D:7      | Killed Duvessa
  7437 | D:7      | Killed Dowan
  7438 | D:7      | Reached skill level 1 in Conjurations
  8797 | D:7      | Reached skill level 6 in Unarmed Combat
  9215 | D:8      | Found a hide-covered altar of Uskayaw.
  9227 | D:8      | Reached ** piety under Cheibriados
  9683 | D:8      | Reached XP level 10. HP: 39/91 MP: 5/14
 10533 | D:8      | Noticed an ice statue
 11221 | D:8      | Reached *** piety under Cheibriados
 12271 | D:8      | Reached skill level 7 in Unarmed Combat
 13081 | D:9      | Reached **** piety under Cheibriados
 13307 | D:9      | Identified a scroll of acquirement
 13307 | D:9      | Acquired 487 gold pieces
 13881 | D:10     | Entered Level 10 of the Dungeon
 14252 | D:10     | Noticed a two-headed ogre
 14258 | D:10     | Killed a two-headed ogre
 14259 | D:10     | Reached XP level 11. HP: 100/100 MP: 1/16
 14618 | D:10     | Reached skill level 8 in Unarmed Combat
 14965 | D:10     | Noticed Erolcha
 15009 | D:10     | Killed Erolcha
 15109 | D:10     | Noticed a centaur warrior
 15123 | D:10     | Killed a centaur warrior
 15525 | D:10     | Noticed a brown ugly thing
 15535 | D:10     | Killed a brown ugly thing
 15588 | D:10     | Reached ***** piety under Cheibriados
 15741 | D:10     | Noticed Grum
 15745 | D:10     | Killed Grum
 16097 | D:11     | Noticed a boulder beetle
 16111 | D:11     | Killed a boulder beetle
 16260 | D:11     | Noticed a seven-headed hydra
 16265 | D:11     | Killed a seven-headed hydra
 16334 | D:11     | Noticed a two-headed ogre
 16346 | D:11     | Killed a two-headed ogre
 16347 | D:11     | Reached skill level 5 in Spellcasting
 16807 | D:11     | Reached skill level 5 in Dodging
 17277 | D:11     | Found a staircase to the Orcish Mines.
 17313 | D:11     | HP: 1/101 [gnoll sergeant/+0 trident of venom (10)]
 17314 | D:11     | Succumbed to a gnoll sergeant's poison

Illustrated notes

Levels and vault maps discovered:
D:1:      shiori_arrival_maze, layout_basic,
          ebering_ecumenical_altar_sacrificial, serial_curves, eino_curves_03,
          eino_curves_02, minmay_heptomino_d4
D:2:      layout_basic
D:3:      layout_basic, uniq_ijyb, uniq_crazy_yiuf_cottage
D:4:      layout_basic, serial_bayou_pond_e
D:5:      layout_basic, gup_sewer_entry_glass, uniq_menkaure
D:6:      layout_loops_ring, nicolae_ru_the_path_less_chosen,
          general_overflow_altar, kennysheep_vampire_church,
          minmay_temple_entry_statues, grunt_ministairs_6, guppyfry_shop_venom
D:7:      layout_rooms, minmay_misc_feat_pillars, kennysheep_donut, uniq_duvessa
D:8:      cheibrodos_frozen_isle, layout_gridville, mainiacjoe_overflow_24_doors
D:9:      layout_basic, nzn_life_drinkers
D:10:     layout_loops_ring, minmay_shattered_shrine, uniq_erolcha, uniq_grum
D:11:     layout_small_grid, erik_lair_dragon,
          kennysheep_orc_monster_closet_entryway, serial_glass, glass_columns_b,
          glass_columns_c, feat_on_display, due_unseen_surprise
Temple:   dpeg_five_rooms_temple

Skill      XL: |  1  2  3  4  5  6  7  8  9 10 11 |
---------------+----------------------------------+-----
Earth Magic    | 3 4 5 6 |  6.9
Fighting       | 1 2 3 4 |  4.9
Unarmed Combat | 2 3 4 6 7 8 |  8.8
Dodging        | 2 3 4 5 |  5.1
Transmutations | 1 2 3 4 |  4.4
Spellcasting   | 2 3 4 5 |  5.1
Throwing       | 1 2 |  2.7
Air Magic      | 1 2 3 |  3.5
Invocations    | 2 3 4 |  4.0
Conjurations   | 1 2 3 |  3.1
Stealth        | |  1.9
Evocations     | |  0.2

Action                   |  1- 3 |  4- 6 |  7- 9 | 10-12 || total
-------------------------+-------+-------+-------+-------++-------
Melee: Unarmed           |   134 |   108 |   288 |   246 ||   776
       Punch             |       |     1 |     6 |    12 ||    19
Throw: Boomerang         |    14 |    54 |    10 |    73 ||   151
       Javelin           |       |     3 |    16 |    14 ||    33
       Dart              |       |       |     3 |     8 ||    11
       Stone             |       |       |     1 |     2 ||     3
 Cast: Sandblast         |     7 |    52 |    88 |     6 ||   153
       Wereblood         |       |     1 |     3 |    12 ||    16
       Stone Arrow       |       |       |    39 |   118 ||   157
Evoke: Wand              |       |       |     9 |     4 ||    13
  Use: Scroll            |       |     8 |    11 |     3 ||    22
       Potion            |       |       |     7 |     5 ||    12
 Stab: Sleeping          |     3 |     3 |       |     1 ||     7
       Invisible         |       |       |       |     3 ||     3
Armor: Robe              |    54 |    38 |   139 |    47 ||   278
Dodge: Dodged            |    70 |    62 |   223 |   156 ||   511

Table legend: (Time is in decaauts)
 A = Elapsed time spent in this place.
 B = Non-inter-level travel time spent in this place.
 C = Inter-level travel time spent in this place.
 D = Time resting spent in this place.
 E = Time spent auto-exploring this place.
 F = Levels seen in this place.
 G = Mean time per level.
                   A        B        C        D        E       F      G
               +--------+--------+--------+--------+--------+-----+--------+
         Total |  19611 |  19079 |    532 |   4163 |  11962 |  13 | 1508.5 |
       Dungeon |  18656 |  18185 |    471 |   4163 |  11288 |  11 | 1696.0 |
        Temple |    155 |     94 |     61 |      0 |     84 |   1 |  155.0 |
         Sewer |    799 |    799 |      0 |      0 |    589 |   1 |  799.0 |
               +--------+--------+--------+--------+--------+-----+--------+

Top non-repeatable levels by time:
     D:8: 4056 daAuts
    D:10: 2727 daAuts
     D:6: 2123 daAuts
     D:7: 1971 daAuts
    D:11: 1623 daAuts
     D:9: 1612 daAuts
     D:5: 1184 daAuts
     D:3: 1090 daAuts
     D:1: 812 daAuts
   Sewer: 799 daAuts
     D:4: 729 daAuts
     D:2: 723 daAuts
  Temple: 155 daAuts
